Cogmind - Beta 15 @@@ ROGUE MODE // 2025.10.08 @ 19:57:29 Player: mgobin-777 Result: Destroyed by G-34 Mercenary with Small Laser Performance ------------- Evolutions (0) 0 Regions Visited (1) 200 Robots Destroyed (15) 75 Value Destroyed (391) 391 Prototype IDs (0) 0 Alien Tech Used (0) 0 Bonus (0) 0 TOTAL SCORE: 666 Bonus ------- None Cogmind --------- Core Integrity 0/250 Matter 166/300 Energy 202/250 System Corruption 3% Temperature Cool (6) Movement Core (250) Ox4 Location -10/Materials Parts ------- > --- POWER (1) -------- Ion Engine > --- PROPULSION (2) --- (None) > --- UTILITY (2) ------ Cooling System Small Storage Unit > --- WEAPON (2) ------- Particle Gun > --- INVENTORY (8) ---- Improved Aluminum Leg Improved Aluminum Leg Peak State ------------ > --- POWER ------------ Light Ion Engine > --- PROPULSION ------- Improved Aluminum Leg Improved Aluminum Leg > --- UTILITY ---------- Cooling System Small Storage Unit > --- WEAPON ----------- Beam Cannon Assault Rifle > --- INVENTORY -------- Aluminum Leg Aluminum Leg [Rating: 10] Favorites ----------- Power Light Ion Engine Engine Light Ion Engine Propulsion Aluminum Leg Leg Aluminum Leg Utility Small Storage Unit Device Cooling System Storage Small Storage Unit Weapon Assault Rifle Energy Gun Small Laser Energy Cannon Beam Cannon Ballistic Gun Assault Rifle Build | -11 -10 ------- Run | Yrd Mat Slots Evolved . | . . Power . | . . Propulsion . | . . Utility . | . . Weapon . | . . Parts Attached 16 | 6 10 Power 3 | 1 2 Engine 3 | 1 2 Core . | . . Reactor . | . . Propulsion 5 | 2 3 Treads . | . . Leg 5 | 2 3 Wheel . | . . Hover . | . . Flight . | . . Utility 2 | 1 1 Device 1 | . 1 Storage 1 | 1 . Processor . | . . Hackware . | . . Protection . | . . Artifact . | . . Weapon 6 | 2 4 Energy Gun 3 | . 3 Energy Cannon 1 | . 1 Ballistic Gun 2 | 2 . Ballistic Cannon . | . . Launcher . | . . Special Weapon . | . . Impact Weapon . | . . Slashing Weapon . | . . Piercing Weapon . | . . Special Melee Weapon . | . . Unidentified Prototypes . | . . Parts Lost 7 | . 7 Power 2 | . 2 Propulsion 2 | . 2 Utility . | . . Weapon 3 | . 3 Highest Loss Streak 6 | . 6 To Critical Strikes . | . . Average Backups . | . . Power . | . . Propulsion . | . . Utility . | . . Weapon . | . . Tool/Special . | . . Unused Backups 2 | . 2 Power . | . . Propulsion 2 | . 2 Utility . | . . Weapon . | . . Tool/Special . | . . Average Slot Usage (%) 84 | . 84 Engine 12 | . 12 Leg 24 | . 24 Device 6 | . 6 Storage 14 | . 14 Energy Gun 5 | . 5 Energy Cannon 7 | . 7 Ballistic Gun 12 | . 12 Peak Build Rating 10 | 6 10 Average Rating 6 | 4 7 On Entrance 2 | . 5 Naked Turns . | . . Heaviest Build 15 | 10 15 Greatest Support 26 | 20 26 Greatest Overweight (x) 3 | . 3 Average Overweight (x) . | . . Largest Inventory Capacity 8 | 8 8 Average Capacity 7 | 7 8 Most Carried 4 | 4 4 Average Carried . | . . Final Capacity 8 | 8 8 Final Carried 2 | 1 2 Class Distribution -------------------- 100% | Mutant Dominant Class ---------------- Mutant | -10/Materials Resources | -11 -10 ----------- Run | Yrd Mat Matter Collected 335 | 58 277 Remotely . | . . Salvage Created 556 | . 556 Parts 27 | . 27 Haulers Intercepted . | . . Recyclers Shooed 1 | . 1 Parts Field Recycled . | . . Retrieved Matter . | . . Parts Self-Destructed . | . . Prevented . | . . Kills | -11 -10 ------- Run | Yrd Mat Combat Hostiles Destroyed 10 | . 10 Guns 6 | . 6 Cannons 4 | . 4 Classes Destroyed 4 | . 4 Worker 3 | . 3 Recycler 1 | . 1 Watcher 1 | . 1 Grunt 10 | . 10 Best Kill Streak 5 | . 5 Combat Bots Only 2 | . 2 Max Kills in Single Turn 1 | . 1 Gunslinging . | . . Exploded . | . . Melee . | . . Uniques/NPCs Destroyed . | . . Combat | -11 -10 -------- Run | Yrd Mat Hostile Shots Fired 116 | . 116 Missed 29 | . 29 Hits 87 | . 87 Projectile 87 | . 87 Damage Taken 1039 | . 1039 Core 258 | . 258 Absorbed by Shields . | . . Core Remaining (%) 100 | 100 . Volleys Fired 56 | 2 54 Largest 2 | 1 2 Hottest 105 | 20 105 Shots Fired 106 | 2 104 Gun 81 | 2 79 Cannon 25 | . 25 Launcher . | . . Special . | . . Kinetic 47 | 2 45 Thermal 59 | . 59 Explosive . | . . Electromagnetic . | . . Robot Hit Streak 9 | 2 9 Robot Miss Streak 3 | . 3 Penetration Max . | . . Secondary Targets 2 | . 2 Max Gunslinging Chain 1 | . 1 Shots Hit Robots 65 | 2 63 Core Hits 28 | 2 26 Critical Kills . | . . Critical Parts Destroyed . | . . Critical Strikes . | . . Melee Attacks . | . . Impact . | . . Slashing . | . . Piercing . | . . Sneak Attacks . | . . Combat Hostiles . | . . Follow-up Attacks . | . . Damage Inflicted 929 | 30 899 Guns 636 | 25 611 Cannons 279 | . 279 Explosions . | . . Melee . | . . Ramming 14 | 5 9 Kinetic 357 | 25 332 Thermal 558 | . 558 Explosive . | . . Electromagnetic . | . . Impact . | . . Slashing . | . . Piercing . | . . Highest Corruption 3 | . 3 Average Corruption 2 | . 2 Corruption Purged . | . . Corruption Blocked . | . . Effects 4 | . 4 Message Errors 2 | . 2 Matter Fused 1 | . 1 Heat Flow Errors 1 | . 1 Overload Shots . | . . Overflow Damage . | . . Projectiles . | . . Explosions . | . . Melee . | . . Knockbacks 1 | . 1 Impact 1 | . 1 Kinetic . | . . Secondary . | . . Self-Inflicted Damage . | . . Shots . | . . Rammed . | . . Targets Rammed 2 | 1 1 Kicked 2 | 1 1 Crushed . | . . Highest Temperature 275 | . 275 Average Temperature 74 | . 74 Received Heat Transfer 579 | . 579 Siege Activations . | . . Martial Activations . | . . Shielding Activations . | . . Robots Disrupted . | . . Combat Hostiles . | . . Robots Corrupted . | . . Combat Hostiles . | . . Parts Fried . | . . Impact Corruptions . | . . Robots Melted . | . . Combat Hostiles . | . . Parts Melted 2 | . 2 Heat Transferred 1227 | . 1227 Parts Sabotaged . | . . Parts Stolen . | . . Parts Stripped . | . . Power Chain Reactions . | . . Alert | -11 -10 ------- Run | Yrd Mat Maximum Alert Level . | . . Low Security (%) 100 | 100 100 Level 1 . | . . Level 2 . | . . Level 3 . | . . Level 4 . | . . Level 5 . | . . High Security . | . . Max Security . | . . Peak Influence 82 | . 82 Initial . | . . Average 15 | . 25 Influence Increases 267 | . 267 Destroy 0b10 Robot/C 200 | . 200 Destroy 0b10 Robot/NC 25 | . 25 Destroy Leader 42 | . 42 Influence Decreases 223 | . 223 Time Decay 153 | . 153 Lost Part 70 | . 70 Squads Dispatched 2 | . 2 Investigation . | . . Extermination . | . . Reinforcement 2 | . 2 Assault . | . . Garrison . | . . Intercept . | . . Searches Triggered . | . . Construction Impeded . | . . Haulers Reinforced . | . . Active Scanning Responses . | . . Cargo Convoy Interrupts . | . . Stealth | -11 -10 --------- Run | Yrd Mat Distress Signals 2 | . 2 Communications Jammed . | . . Distress Signals . | . . Times Spotted 16 | . 16 Peak Tracking Total 6 | . 6 Tactical Retreats . | . . Traps | -11 -10 ------- Run | Yrd Mat Traps Triggered 2 | . 2 Indirectly . | . . Trap Hack Attempts . | . . Triggered . | . . Disarmed . | . . Reprogrammed . | . . Reused . | . . Traps Extracted . | . . Installed . | . . Triggered . | . . Machines | -11 -10 ---------- Run | Yrd Mat Machines Disabled 1 | . 1 Max in Single Turn 1 | . 1 Machines Repaired . | . . Machines Dismantled . | . . Machines Sabotaged . | . . Overloaded Fab Kills . | . . Hacking | -11 -10 --------- Run | Yrd Mat Machines Accessed . | . . Terminals . | . . Fabricators . | . . Repair Stations . | . . Recycling Units . | . . Scanalyzers . | . . Garrison Access . | . . Total Hacks . | . . Successful . | . . Failed . | . . Catastrophic . | . . Database Lockouts . | . . Manual . | . . Terminals . | . . Fabricators . | . . Repair Stations . | . . Recycling Units . | . . Scanalyzers . | . . Garrison Access . | . . Terminal Hacks . | . . Fabricator Hacks . | . . Repair Station Hacks . | . . Recycling Unit Hacks . | . . Scanalyzer . | . . Garrison Access Hacks . | . . Unauthorized Hacks . | . . Terminals . | . . Fabricators . | . . Repair Stations . | . . Recycling Units . | . . Scanalyzers . | . . Garrison Access . | . . Data Cores Recovered . | . . Used . | . . Hacking Detections . | . . Full Trace Events . | . . Feedback Events . | . . Feedback Blocked . | . . Robot Schematics Acquired . | . . Robots Built . | . . Authchips . | . . Time . | . . Total Robot Build Rating . | . . Part Schematics Acquired . | . . Parts Built . | . . Authchips . | . . Time . | . . Total Part Build Rating . | . . Parts Repaired . | . . Time . | . . Parts Recycled . | . . Recycled Matter . | . . Retrieved Matter . | . . Retrieved Components . | . . Parts Scanalyzed . | . . Part Schematics Acquired . | . . Parts Damaged . | . . Bothacking | -11 -10 ------------ Run | Yrd Mat Used RIF Installer . | . . Robots Hacked . | . . Non-combat . | . . Combat . | . . Robot Hacks Applied . | . . Relay Couplers Released . | . . Fabnet Peak Effective % . | . . Robots Rewired . | . . Allies Hacked . | . . Hacks Repelled . | . . Allies | -11 -10 -------- Run | Yrd Mat Total Allies . | . . Largest Group . | . . Highest-Rated Group . | . . Highest-Rated Ally . | . . Total Orders . | . . Ally Attacks . | . . Total Damage . | . . Kills . | . . Allies Corrupted . | . . Allies Melted . | . . Intel | -11 -10 ------- Run | Yrd Mat Active Infowar (turns) . | . . Robot Analysis Total . | . . Derelict Logs Recovered . | . . Drone Launches . | . . Drone Recoveries . | . . Exploration | -11 -10 ------------- Run | Yrd Mat Turns Passed 669 | 256 413 Spaces Moved 232 | 47 185 Core 6 | 5 1 Treads . | . . Legs 226 | 42 184 Wheels . | . . Hover . | . . Flight . | . . Fastest Speed 50 | 50 120 Average Speed 119 | 112 121 Slowest Speed 200 | 120 200 Overloaded Moves . | . . Propulsion Burnouts . | . . Robots Hopped . | . . Potential Cave-ins . | . . Cave-ins Triggered . | . . Exploration Rate (%) 22 | 5 40 Regions Visited 1 Branch Regions . Pre-discovered Areas . | . . Known Exits Taken . | . . Unknown Exits Taken 1 | 1 . Scrap Searched . | . . Spaces Dug . | . . Terrain Destroyed . | . . Melee . | . . Projectile . | . . AOE . | . . Terrain Rammed . | . . Walls Destroyed . | . . Machines Disabled . | . . Actions | -11 -10 --------- Run | Yrd Mat Total 517 | 248 269 Wait 189 | 185 4 Move 231 | 46 185 Hop . | . . Pick Up 18 | 7 11 Fast Attach . | . . Attach 12 | 6 6 Detach . | . . Swap 4 | . 4 Drop 5 | 1 4 Fire 56 | 2 54 Melee . | . . Ram . | . . Kick 2 | 1 1 Crush . | . . Escape Stasis . | . . Rewire . | . . Trap . | . . Miscellaneous . | . . Route ------- -11/Scrapyard -10/Materials (discovered 2 exits: [*Mat] / [*Min]) History --------- Turn | Location | Event 20 | -11/Scrapyard | Discovered new exit (range 14) 257 | -11/Scrapyard | Entered Materials 306 | -10/Materials | Build established: Mutant 456 | -10/Materials | Discovered new exit (range 15) 542 | -10/Materials | Discovered new exit (range 10) 619 | -10/Materials | Core integrity fell below 50% 653 | -10/Materials | Core integrity fell below 20% 670 | -10/Materials | Destroyed by G-34 Mercenary with Small Laser Last Messages --------------- 00631_ K-01 Serf destroyed. 00635_ UJOAV/V I =5BHKETDD 00636_ Acquired 23 matter. 00638_ Assault Rifle destroyed. 00639_ Imp. Aluminum Leg destroyed. 00640_ Acquired Sml. Laser. 00643_ Acquired Particle Gun. 00647_ K-01 Serf collects debris. 00649_ R-06 Scavenger collects Aluminum Leg. 00651_ K-01 Serf collects debris. 00654_ R-06 Scavenger collects Med. Matter Pod. 00657_ K-01 Serf collects debris. 00658_ Aluminum Leg melted. 00658_ Heat Sink melted. 00658_ G-34 Mercenary destroyed. 00658_ Switching to secondary target: G-34 Mercenary. 00659_ K-01 Serf collects debris. 00664_ Sml. Laser destroyed. 00668_ K-01 Serf collects debris. Map ----- +----------------------------------------------------+ | ?????# #???????##" "#### #?????????????? | | ?????# #????????#"R"#??# #?????????????? | | ?????#############????????#"""#??# #?????????????? | | ??????????????????????????#####??#=#?????????????? | | ?????????????????????????????????#%#?????????????? | | ?????????????????????????????????# #???########??? | | ?????????????????????????????????# #???# #??? | | ?????????????????????????????????# #???# #??? | | ?????????????????????????????????# #???# #??? | | ?????????????????????????????????# #???# ! #??? | | ?????????????????????????????????# #???# #??? | | ??????????????????????????????####+###?# #??? | | ??????????????????????????????# = [|######+###### | | ??????????????????????????????# [= !# | | ??????????????? ??????????????# = !%# | | ???????????????? "???????????# =% + | | ???????????????? ""??????????# = # ######### | | ???????????????? ""??????????# = # #???????? | | ???????????????? ^ ?????????######## #???????? | | ????????????????? ????????????????# #???????? | | ?????????# """ ??#########????# #???????? | | ?????????# """ ??#""" """#????# #???????? | | ?????????# """ ?#" | ! "#???## ##??????? | | ?????????# *% ## *% k #####! #??????? | | ?????????# k % = % #??????? | | ???????? + = !@%!g " +??????? | | ?????????# =%* == k o #??????? | | ?????????# ########## ##### #??????? | | ?????????## ????????????#########???###+########## | | ????????????????????????????????????# ## | | ????????????????????????????????????# "T" ## | | ????????????????????????????????????# ## | | ????????????????????????????????????# ## ## | | ????????????????????????????????????# """ ## #? | | ????????????????????????????????????# """ ## # | | ????????????????????????????????????# """ [## + | | ????????????????????????????????????# """ ## # | | ????????????????????????????????????# """ ## #? | | ????????????????????????????????????# + #? | | ????????????????????????????????????#####+####+### | | ????????????????????????????????????????# """ | | ????????????????????????????????????????# "Y" | | ????????????????????????????????????????# "" | | ????????????????????????????????????????#! "" | | ????????????????????????????????????????# "" | | ????????????????????????????????????????# = | | ????????????????????????????????????????# | | ????????????????????????????????????????########## | | ?????????????????????????????????????????????????? | | ?????????????????????????????????????????????????? | +----------------------------------------------------+ Best States ------------- Heat Dissipation 47 Energy Generation 10 Energy Capacity 250 Matter Stores 181 Matter Capacity 300 Sight Range 16 Terrain Scan Density 10 Evasion (%) 55 Item Schematics ----------------- None Robot Schematics ------------------ None Fabricated ------------ Nothing Repaired ---------- Nothing Alien Tech Used ----------------- None Achievements -------------- None Challenges ------------ None Game ------ Seed SystemImpactFlakker Manual? 0 Play Time 00:06:34 Cumulative 26.7 hours Start 2025.10.08 @ 19:53:46 End 2025.10.08 @ 19:57:29 Sessions 1 Manual Loads 0 Difficulty Rogue Special Mode None Game No. 79 Rogue 73 Adventurer 6 Explorer 0 Win Type - Total 0 Types 0/0/0/0/0/0/0/0/0/0 Lore% 10 Gallery% 21 Achievement% 20 Wizard Run 0 Options --------- Layout 1 ASCII 0 Keyboard 0 Movement Numpad Keybinds 0 Fullscreen 1 Font 24/Smallcaps Map View 50x40 Zoom Use 0% Tactical HUD 1 Map Filters NONE Filters NONE Steam 1 RUN: fb81c9b0-a55c-4167-af4e-09f3adda3c61